 Dungeon Crawl Stone Soup version 0.29.0-4-gdea44cf6ec (webtiles) character file.

Game seed: 10709683298320282785

62 qw the Caller (level 4, -5/36 HPs)
             Began as a Ghoul Summoner on Sept 9, 2022.
             Slain by a gnoll
             ... wielding a +0 halberd
              (15 damage)
             ... on level 2 of the Dungeon.
             The game lasted 00:01:01 (2766 turns).

qw the Caller (Ghoul Summoner)                      Turns: 2766, Time: 00:01:02

Health: -5/36      AC:  3    Str: 13    XL:     4   Next: 8%
Magic:  1/5        EV: 11    Int: 10    God:
Gold:   62         SH:  0    Dex:  9    Spells: 5/6 levels left

rFire   . . .      SeeInvis .   Y - +0 hand axe
rCold   + . .      Faith    .   (no shield)
rNeg    + + +      Spirit   .   e - +0 leather armour
rPois   inf        Reflect  .   (no helmet)
rElec   .          Harm     .   (no cloak)
rCorr   .          Rampage  .   (no gloves)
Will    .....                   (no boots)
Stlth   +.........              (no amulet)
HPRegen 0.00/turn               (no ring)
MPRegen 0.09/turn               (no ring)

@: very slightly contaminated, inhibited regen
A: claws 1, cold resistance 1, negative energy resistance 3, inhibited
regeneration, torment resistance 2, devour on kill
a: no special abilities


You were on level 2 of the Dungeon.
You visited 1 branch of the dungeon, and saw 4 of its levels.

You collected 62 gold pieces.


Innate Abilities, Weirdness & Mutations

You are immune to poison.
You have sharp fingernails.
Your flesh is cold resistant. (rC+)
You are immune to negative energy. (rN+++)
You do not regenerate when monsters are visible.
You are immune to unholy pain and torment.
You thrive by killing the living.


   Skills:
 - Level 2.0 Fighting
 + Level 2.6 Axes
 - Level 1.7 Dodging
 - Level 2.1 Stealth
 - Level 1.7 Spellcasting
 - Level 3.6 Summonings


You had 5 spell levels left.
You knew the following spells:

 Your Spells              Type           Power      Damage    Failure   Level
a - Summon Small Mammal   Summ           32%        N/A       10%         1

Your spell library contained the following spells:

 Spells                   Type           Power      Damage    Failure   Level
 Call Imp                 Summ           8%         N/A       14%         2
 Call Canine Familiar     Summ           8%         N/A       28%         3
 Summon Guardian Golem    Hex/Summ       4%         N/A       52%         3
 Summon Lightning Spire   Summ/Air       4%         N/A       89%         4

Inventory:

Hand Weapons
 j - a +0 club
 Y - a +0 hand axe (weapon)
Armour
 a - a +0 plate armour
 e - a +0 leather armour (worn)
Scrolls
 i - 3 scrolls of identify
Potions
 b - a potion of degeneration {unknown}
 f - a potion of lignification {unknown}
 h - a potion of curing {unknown}
 l - a potion of mutation {unknown}

Dungeon Overview and Level Annotations

Branches:
Dungeon (4/15)
 Temple: D:4-7

Altars:

Shops:
D:2 (


Message History

Confirm with . or Enter, or press ? or * to list all spells.
Your bat barely misses the gnoll.
The gnoll hits your bat with a +0 flail.
2760 ||| CASTING Summon Small Mammal
Casting: Summon Small Mammal (safe; 10% risk of failure)
Confirm with . or Enter, or press ? or * to list all spells.
Your bat disappears in a puff of smoke!
Your bat hits the gnoll but does no damage.
Your bat barely misses the gnoll.
The gnoll closely misses you.
Your bat closely misses the gnoll.
Your bat barely misses the gnoll.
Your bat closely misses the gnoll.
The gnoll closely misses you.
The gnoll hits you from afar with a +0 halberd!
The gnoll misses your bat. The gnoll hits your bat with a +0 whip.
Your bat dies!
Your bat's corpse disappears in a puff of smoke!
You barely miss the gnoll.
The gnoll hits you from afar with a +0 halberd.
Your bat hits the gnoll.
A goblin comes into view. It is wielding a +0 dagger.
The gnoll hits you but does no damage.
You hit the gnoll but do no damage.
The gnoll is lightly wounded.
You barely miss the gnoll.
Your bat hits the gnoll but does no damage. x2
Your bat barely misses the gnoll.
The gnoll closely misses you. The gnoll barely misses you.
The gnoll misses your bat.
Your bat hits the gnoll but does no damage.
You hit the gnoll.
The gnoll is moderately wounded.
You hit the gnoll.
Your bat barely misses the gnoll.
The gnoll barely misses you. The gnoll closely misses you.
The gnoll hits you with a +0 spear.
You hit the gnoll.
The gnoll is severely wounded.
You hit the gnoll. You closely miss the gnoll. Your bat hits the gnoll.
The gnoll barely misses you. The gnoll hits you with a +0 spear.
The gnoll hits you from afar with a +0 halberd!
You die...

. #...###...##... ...
#....#....##...
....###########.........##...
......w......##......##.###..
.......>....%'.....(.....##..
b............##########..##..
#............# #..##..
#........b...# ######..##..
#.......<..g@+ ............
...........gg# ######..####
...........g.# #......
.............. ######.
.......g. #...... ..........
#.####. .......... #.# #.
#####.....# #.# #. #.# #.


You could see 4 gnolls, a dart slug, a goblin and a friendly bat (summoned).

Vanquished Creatures
  An adder (D:2)
  2 worms (D:2)
  3 endoplasms
  2 goblins (D:1)
  2 hobgoblins (D:1)
  3 kobolds
  3 rats (D:1)
16 creatures vanquished.

Vanquished Creatures (collateral kills)
  An adder (D:2)
  6 endoplasms
  2 goblins
  A hobgoblin (D:1)
  2 quokkas
  2 ball pythons
  2 frilled lizards
  A kobold (D:1)
  2 rats (D:1)
19 creatures vanquished.

Vanquished Creatures (others)
  3 plants (D:1)
  5 toadstools (D:1)
8 creatures vanquished.

Grand Total: 43 creatures vanquished

Notes
Turn   | Place    | Note
-------+----------+-------------------------------------------
     0 | D:1      | qw the Ghoul Summoner began the quest for the Orb.
     0 | D:1      | Reached XP level 1. HP: 14/14 MP: 2/2
     0 | D:1      | 0 ||| qw: Version: 0.1-a-113-g051387a
     0 | D:1      | 0 ||| qw: Game counter: 7155
     0 | D:1      | 0 ||| qw: Always use a shield: true
     0 | D:1      | 0 ||| qw: God list: Okawaru
     0 | D:1      | 0 ||| qw: Allow faded altars: false
     0 | D:1      | 0 ||| qw: Do Orc after D:15 true
     0 | D:1      | 0 ||| qw: Do second Lair branch before Depths: true
     0 | D:1      | 0 ||| qw: Lair rune preference: random
     0 | D:1      | 0 ||| qw: Plans: Normal
     0 | D:1      | 0 ||| PLANNING D:1-11
    16 | D:1      | 16 ||| CASTING Summon Small Mammal
    17 | D:1      | 17 ||| CASTING Summon Small Mammal
    29 | D:1      | 29 ||| CASTING Summon Small Mammal
    56 | D:1      | 56 ||| CASTING Summon Small Mammal
    57 | D:1      | 57 ||| CASTING Summon Small Mammal
    98 | D:1      | 98 ||| CASTING Summon Small Mammal
    99 | D:1      | 99 ||| CASTING Summon Small Mammal
   110 | D:1      | 110 ||| CASTING Summon Small Mammal
   316 | D:1      | 316 ||| Wielding weapon +0 short sword.
   348 | D:1      | 348 ||| CASTING Summon Small Mammal
   349 | D:1      | 349 ||| CASTING Summon Small Mammal
   359 | D:1      | Reached skill level 1 in Axes
   484 | D:1      | 484 ||| CASTING Summon Small Mammal
   485 | D:1      | 485 ||| CASTING Summon Small Mammal
   510 | D:1      | 510 ||| CASTING Summon Small Mammal
   511 | D:1      | 511 ||| CASTING Summon Small Mammal
   513 | D:1      | Reached XP level 2. HP: 22/22 MP: 0/3
   553 | D:1      | 553 ||| CASTING Summon Small Mammal
   555 | D:1      | 555 ||| CASTING Summon Small Mammal
   556 | D:1      | 556 ||| CASTING Summon Small Mammal
   592 | D:1      | 592 ||| SWAPPING to +0 hand axe.
   593 | D:1      | 593 ||| DROPPING +0 short sword.
   609 | D:1      | 609 ||| CASTING Summon Small Mammal
   610 | D:1      | 610 ||| CASTING Summon Small Mammal
   611 | D:1      | 611 ||| CASTING Summon Small Mammal
   619 | D:1      | Reached skill level 1 in Fighting
   744 | D:1      | 744 ||| CASTING Summon Small Mammal
   745 | D:1      | 745 ||| CASTING Summon Small Mammal
   746 | D:1      | 746 ||| CASTING Summon Small Mammal
   809 | D:1      | 809 ||| CASTING Summon Small Mammal
   810 | D:1      | 810 ||| CASTING Summon Small Mammal
   811 | D:1      | 811 ||| CASTING Summon Small Mammal
   892 | D:1      | 892 ||| CASTING Summon Small Mammal
   893 | D:1      | 893 ||| CASTING Summon Small Mammal
   894 | D:1      | 894 ||| CASTING Summon Small Mammal
   945 | D:1      | 945 ||| CASTING Summon Small Mammal
   946 | D:1      | 946 ||| CASTING Summon Small Mammal
   947 | D:1      | 947 ||| CASTING Summon Small Mammal
   976 | D:1      | 976 ||| Stepping ~*~*~tactically~*~*~ (stealth).
  1072 | D:1      | 1072 ||| CASTING Summon Small Mammal
  1073 | D:1      | 1073 ||| CASTING Summon Small Mammal
  1074 | D:1      | 1074 ||| CASTING Summon Small Mammal
  1126 | D:1      | 1126 ||| CASTING Summon Small Mammal
  1127 | D:1      | 1127 ||| CASTING Summon Small Mammal
  1128 | D:1      | 1128 ||| CASTING Summon Small Mammal
  1138 | D:1      | 1138 ||| CASTING Summon Small Mammal
  1230 | D:1      | 1230 ||| CASTING Summon Small Mammal
  1231 | D:1      | 1231 ||| CASTING Summon Small Mammal
  1232 | D:1      | 1232 ||| CASTING Summon Small Mammal
  1330 | D:1      | 1330 ||| Stepping ~*~*~tactically~*~*~ (stealth).
  1331 | D:1      | 1331 ||| CASTING Summon Small Mammal
  1334 | D:1      | 1334 ||| CASTING Summon Small Mammal
  1335 | D:1      | 1335 ||| CASTING Summon Small Mammal
  1369 | D:1      | 1369 ||| CASTING Summon Small Mammal
  1370 | D:1      | 1370 ||| CASTING Summon Small Mammal
  1371 | D:1      | 1371 ||| CASTING Summon Small Mammal
  1462 | D:1      | 1462 ||| CASTING Summon Small Mammal
  1463 | D:1      | 1463 ||| CASTING Summon Small Mammal
  1465 | D:1      | 1465 ||| CASTING Summon Small Mammal
  1649 | D:1      | 1649 ||| UPGRADING to +0 leather armour.
  1659 | D:1      | 1659 ||| DROPPING +0 robe.
  1660 | D:1      | 1660 ||| READING 2 scrolls labelled TEOXAYN EHIH.
  1661 | D:1      | 1661 ||| READING scroll labelled LURPHO YFUTOTH.
  1662 | D:1      | 1662 ||| READING scroll labelled NEH KUEWNEL UJUF.
  1663 | D:1      | 1663 ||| READING scroll labelled CIMEINGOKIP.
  1664 | D:1      | 1664 ||| DROPPING potion of magic.
  1670 | D:2      | You fall into a shaft and drop 2 floors!
  1735 | D:2      | 1735 ||| CASTING Summon Small Mammal
  1736 | D:2      | 1736 ||| CASTING Summon Small Mammal
  1737 | D:2      | 1737 ||| CASTING Summon Small Mammal
  1745 | D:2      | Reached XP level 3. HP: 28/28 MP: 0/4
  1802 | D:2      | 1802 ||| CASTING Summon Small Mammal
  1803 | D:2      | 1803 ||| CASTING Summon Small Mammal
  1804 | D:2      | 1804 ||| CASTING Summon Small Mammal
  1805 | D:2      | 1805 ||| CASTING Summon Small Mammal
  1851 | D:2      | Found a faded altar of an unknown god.
  1854 | D:2      | 1854 ||| CASTING Summon Small Mammal
  1855 | D:2      | 1855 ||| CASTING Summon Small Mammal
  1856 | D:2      | 1856 ||| CASTING Summon Small Mammal
  1857 | D:2      | 1857 ||| CASTING Summon Small Mammal
  1907 | D:2      | 1907 ||| CASTING Summon Small Mammal
  1908 | D:2      | 1908 ||| CASTING Summon Small Mammal
  1909 | D:2      | 1909 ||| CASTING Summon Small Mammal
  1910 | D:2      | 1910 ||| CASTING Summon Small Mammal
  2006 | D:2      | 2006 ||| CASTING Summon Small Mammal
  2007 | D:2      | 2007 ||| CASTING Summon Small Mammal
  2008 | D:2      | 2008 ||| CASTING Summon Small Mammal
  2009 | D:2      | 2009 ||| CASTING Summon Small Mammal
  2087 | D:2      | Found Vefao's Antique Weapon Emporium.
  2094 | D:2      | 2094 ||| SHOPLISTING flail (80 gold, have 56).
  2122 | D:2      | 2122 ||| CASTING Summon Small Mammal
  2123 | D:2      | 2123 ||| CASTING Summon Small Mammal
  2124 | D:2      | 2124 ||| CASTING Summon Small Mammal
  2125 | D:2      | 2125 ||| CASTING Summon Small Mammal
  2133 | D:2      | 2133 ||| CASTING Summon Small Mammal
  2186 | D:2      | 2186 ||| CASTING Summon Small Mammal
  2187 | D:2      | 2187 ||| CASTING Summon Small Mammal
  2188 | D:2      | 2188 ||| CASTING Summon Small Mammal
  2189 | D:2      | 2189 ||| CASTING Summon Small Mammal
  2239 | D:2      | 2239 ||| CASTING Summon Small Mammal
  2240 | D:2      | 2240 ||| CASTING Summon Small Mammal
  2241 | D:2      | 2241 ||| CASTING Summon Small Mammal
  2242 | D:2      | 2242 ||| CASTING Summon Small Mammal
  2413 | D:2      | 2413 ||| CASTING Summon Small Mammal
  2414 | D:2      | 2414 ||| CASTING Summon Small Mammal
  2415 | D:2      | 2415 ||| CASTING Summon Small Mammal
  2416 | D:2      | 2416 ||| CASTING Summon Small Mammal
  2487 | D:2      | 2487 ||| CASTING Summon Small Mammal
  2488 | D:2      | 2488 ||| CASTING Summon Small Mammal
  2489 | D:2      | 2489 ||| CASTING Summon Small Mammal
  2490 | D:2      | 2490 ||| CASTING Summon Small Mammal
  2636 | D:2      | 2636 ||| CASTING Summon Small Mammal
  2637 | D:2      | 2637 ||| CASTING Summon Small Mammal
  2638 | D:2      | 2638 ||| CASTING Summon Small Mammal
  2639 | D:2      | 2639 ||| CASTING Summon Small Mammal
  2701 | D:2      | 2701 ||| CASTING Summon Small Mammal
  2702 | D:2      | 2702 ||| CASTING Summon Small Mammal
  2703 | D:2      | 2703 ||| CASTING Summon Small Mammal
  2704 | D:2      | 2704 ||| CASTING Summon Small Mammal
  2713 | D:2      | Reached XP level 4. HP: 31/36 MP: 1/5
  2756 | D:2      | 2756 ||| CASTING Summon Small Mammal
  2757 | D:2      | 2757 ||| CASTING Summon Small Mammal
  2758 | D:2      | 2758 ||| CASTING Summon Small Mammal
  2759 | D:2      | 2759 ||| CASTING Summon Small Mammal
  2760 | D:2      | 2760 ||| CASTING Summon Small Mammal
  2766 | D:2      | Slain by a gnoll

Levels and vault maps discovered:
D:1:      ldierk_walled_garden, layout_loops_ring
D:2:      cheibrodos_old_hovel, layout_basic, ebering_ecumenical_altar_rust,
          serial_shops, nicolae_shop_advertising_works
          [nicolae_subvault_shop_adworks], basic_altar, chequers_garden,
          hex_tiny
D:3:      layout_loops_cross, overflow_temple_1_default
D:4:      layout_gridville, mainiacjoe_overflow_brackets,
          kennysheep_okawaru_gauntlet, overflow_temple_1_default,
          grunt_decor_mini_mirrors, uniq_duvessa, uniq_natasha, uniq_robin

Skill      XL: |  1  2  3 |
---------------+----------+-----
Axes           | 1 2 |  2.6
Fighting       | 1 2 |  2.0
Dodging        | |  1.7
Stealth        | |  2.1
Spellcasting   | |  1.7
Summonings     | |  3.6

Action                   |  1- 3 |  4- 6 || total
-------------------------+-------+-------++-------
Melee: Unarmed           |     9 |       ||     9
       Short sword       |     6 |       ||     6
       Hand axe          |    72 |     4 ||    76
       Punch             |     1 |       ||     1
Throw: Javelin           |     6 |       ||     6
 Cast: Summon Small Mamm |    98 |     3 ||   101
  Use: Scroll            |     4 |       ||     4
Armor: Robe              |     6 |       ||     6
       Leather armour    |     4 |     1 ||     5
Dodge: Dodged            |    41 |     7 ||    48

Table legend:
 A = Non-vault XP
 B = Vault XP
 C = Vault XP percentage of total XP
 D = Non-vault monster count
 E = Vault monster count
 F = Vault count percentage of total count
                 A         B        C        D         E       F
            +---------+---------+-------+---------+---------+-------
      Total |      89 |       0 |   0.0 |      35 |       0 |   0.0
            +---------+---------+-------+---------+---------+-------
        D:1 |      31 |       0 |   0.0 |      20 |       0 |   0.0
        D:2 |      56 |       0 |   0.0 |      14 |       0 |   0.0
        D:3 |       2 |       0 |   0.0 |       1 |       0 |   0.0
            +---------+---------+-------+---------+---------+-------
